 Dungeon Crawl Stone Soup version 0.25.1-9-gc5326a611f (webtiles) character file.

Game seed: 10747087362096202317

1003 H0rd4k the Thaumaturge (level 8, -1/41 HPs)
             Began as a Deep Elf Wizard on Jan 18, 2021.
             Shot with an arrow by a centaur (13 damage)
             ... on level 5 of the Dungeon.
             The game lasted 00:15:12 (7152 turns).

H0rd4k the Thaumaturge (Deep Elf Wizard)            Turns: 7152, Time: 00:15:13

Health: -1/41      AC:  3    Str:  4    XL:     8   Next: 0%
Magic:  21/23      EV: 14    Int: 26    God:
Gold:   121        SH:  0    Dex: 13    Spells: 16/25 levels left

rFire    + . .     SeeInvis .   (no weapon)
rCold    . . .     Gourm    .   (no shield)
rNeg     . . .     Faith    .   a - +0 robe
rPois    .         Spirit   .   b - +1 hat
rElec    .         Reflect  .   (no cloak)
rCorr    .         Harm     .   (no gloves)
MR       .....                  (no boots)
Stlth    ++........             (no amulet)
HPRegen  0.13/turn              p - ring of protection from fire
MPRegen  0.18/turn              i - ring of wizardry

@: no status effects
A: no striking features
a: no special abilities


You were on level 5 of the Dungeon.
You were not hungry.

You visited 2 branches of the dungeon, and saw 6 of its levels.

You collected 121 gold pieces.

Inventory:

Missiles
 j - 2 boomerangs of dispersal (quivered)
Armour
 a - a +0 robe (worn)
 b - a +1 hat (worn)
Jewellery
 i - a ring of wizardry (right hand)
 p - a ring of protection from fire (left hand)
 w - an uncursed amulet of regeneration
Wands
 n - a wand of random effects (22)
 u - a wand of polymorph (8)
Scrolls
 e - a scroll of immolation {unknown}
 f - a scroll of fog {unknown}
 g - 2 scrolls of teleportation
 h - 4 scrolls of identify
 k - a scroll of amnesia {unknown}
 s - a scroll of noise {unknown}
 t - a scroll of remove curse
Potions
 c - a potion of berserk rage
 l - a potion of cancellation {unknown}
 m - a potion of heal wounds {unknown}
 o - a potion of resistance
 q - 2 potions of brilliance {unknown}
 r - a potion of flight {unknown}
Comestibles
 d - 6 rations


   Skills:
 + Level 3.8 Dodging
 + Level 3.3 Stealth
 + Level 9.2 Spellcasting
 + Level 4.3 Conjurations
   Level 1.1 Summonings
 + Level 3.5 Translocations
 + Level 1.6 Fire Magic
 + Level 1.2 Air Magic
 + Level 1.6 Poison Magic
 + Level 0.6 Evocations


You had 16 spell levels left.
You knew the following spells:

 Your Spells              Type           Power        Failure   Level  Hunger
a - Magic Dart            Conj           ####         1%          1    None
b - Blink                 Tloc           N/A          1%          2    None
c - Conjure Flame         Conj/Fire      ####....     1%          3    None
d - Mephitic Cloud        Conj/Pois/Air  ###.....     2%          3    None

Your spell library contained the following spells:

 Spells                   Type           Power        Failure   Level  Hunger
 Call Imp                 Summ           ###.....     1%          2    None
 Slow                     Hex            ##......     3%          2    None


Dungeon Overview and Level Annotations

Branches:
Dungeon (5/15)             Temple (1/1) D:4

Altars:
Ashenzari
Cheibriados
Dithmenos
Elyvilon
Fedhas
Kikubaaqudgha
Makhleb
Okawaru
Qazlal
Sif Muna
Trog
Uskayaw
Vehumet
Xom
Zin
Beogh

Shops:
D:5 [

Annotations:
D:2 exclusion: 2 downstairs
D:3 1 runed translucent door, exclusion: door, Blork the orc, Crazy Yiuf, Dowan, Grinder
D:4 3 runed translucent doors, exclusion: 3 doors, ciphuk's ghost, amateur FeEn


Message History

The centaur shoots an arrow.
The arrow closely misses you.
The centaur shoots an arrow.
The arrow barely misses you.
You see here an arrow.
Casting: Magic Dart (safe; 1% risk of failure)
Confirm with . or Enter, or press ? or * to list all spells.
You can't see any susceptible monsters within range! (Use Z to cast anyway.) Unknown command.
The centaur shoots an arrow.
The arrow hits you!
You see here 2 arrows.
The centaur shoots an arrow.
The arrow barely misses you.
You see here an arrow.
All of the chunks of flesh in your inventory have rotted away.
The centaur shoots an arrow.
The arrow hits you!
* * * LOW HITPOINT WARNING * * *
You see here an arrow.
The centaur shoots an arrow.
The arrow barely misses you.
There is a stone staircase leading up here.
You see here an arrow.
The centaur shoots an arrow.
The arrow hits you!
You die...

....# #.........# #.#
#..###.#### #.# #..# #.#
#.####..###.#
#...........#
#.####..##### #.# #..#
#.####..# #.#.@...####
#.#.(........
#############.#.##.#####.
..............#.##.#
############.##.##.## #
#.##.##..## #
#.##(##...##
#.##c#.....## #
#.##((......#.#


You could see a centaur.

Vanquished Creatures
  Duvessa (D:4)
  2 phantoms
  An ogre (D:5)
  A bullfrog (D:3)
  A scorpion (D:4)
  A bullfrog zombie (D:5)
  2 orc priests
  2 hounds
  Natasha (thrice) (D:3)
  An iguana (D:4)
  A worker ant (D:4)
  3 orc wizards (D:5)
  4 gnolls (D:3)
  2 adders
  A shadow imp (D:5)
  3 oozes
  An adder zombie (D:5)
  A worm (D:3)
  3 dart slugs
  2 leopard geckos
  8 orcs
  4 giant cockroaches
  6 goblins
  7 hobgoblins
  8 jackals
  7 kobolds
  2 quokkas
  5 bats
  3 frilled lizards
  9 rats
95 creatures vanquished.

Notes
Turn   | Place    | Note
-------+----------+-------------------------------------------
     0 | D:1      | H0rd4k the Deep Elf Wizard began the quest for the Orb.
     0 | D:1      | Reached XP level 1. HP: 10/10 MP: 7/7
   260 | D:1      | Reached skill level 5 in Spellcasting
   333 | D:1      | Reached XP level 2. HP: 15/15 MP: 8/10
   831 | D:1      | Reached XP level 3. HP: 19/19 MP: 0/12
  1498 | D:1      | Learned a level 2 spell: Blink
  1502 | D:1      | Learned a level 3 spell: Conjure Flame
  1506 | D:1      | Learned a level 3 spell: Mephitic Cloud
  1868 | D:2      | Found a shimmering altar of Xom.
  2019 | D:2      | Found an iron altar of Okawaru.
  2278 | D:3      | Noticed Natasha
  2284 | D:3      | Killed Natasha
  2284 | D:3      | Reached XP level 4. HP: 15/24 MP: 3/13
  2415 | D:3      | Reached skill level 1 in Air Magic
  2883 | D:3      | Reached skill level 1 in Fire Magic
  2889 | D:3      | Reached skill level 6 in Spellcasting
  2981 | D:3      | Reached skill level 1 in Poison Magic
  2981 | D:3      | Reached XP level 5. HP: 28/28 MP: 5/15
  3115 | D:3      | Found a blossoming altar of Fedhas.
  3336 | D:3      | Noticed Grinder
  3425 | D:3      | Found a runed translucent door.
  3426 | D:3      | Noticed Crazy Yiuf
  3514 | D:3      | Noticed Natasha
  3529 | D:3      | Killed Natasha
  3663 | D:4      | Noticed Duvessa
  3664 | D:4      | Noticed Dowan
  3715 | D:3      | HP: 1/28 [bullfrog (3)]
  4041 | D:4      | Reached XP level 6. HP: 11/32 MP: 5/17
  4083 | D:4      | Noticed Blork the orc
  4476 | D:3      | Noticed Natasha
  4491 | D:3      | Killed Natasha
  4733 | D:3      | Reached skill level 7 in Spellcasting
  5020 | D:4      | Killed Duvessa
  5408 | D:4      | Found a hide-covered altar of Uskayaw.
  5408 | D:4      | Noticed a +0 dagger
  5409 | D:4      | Noticed a +0 hand axe
  5499 | D:4      | Found a staircase to the Ecumenical Temple.
  5605 | D:4      | Reached XP level 7. HP: 36/36 MP: 11/20
  5648 | D:4      | Reached skill level 8 in Spellcasting
  5901 | D:4      | Found a stormy altar of Qazlal.
  5903 | D:4      | Noticed an air elemental
  5904 | D:4      | Noticed a fire elemental
  5904 | D:4      | Noticed a water elemental
  6102 | D:4      | Found a runed translucent gate.
  6102 | D:4      | Noticed ciphuk's ghost (amateur FeEn)
  6103 | D:4      | Found a runed translucent gate.
  6103 | D:4      | Identified the +4 ring mail "Wywnerhu" {rF+ Str+3 Int+2}
  6104 | D:4      | Found a runed translucent gate.
  6110 | D:4      | Found a roughly hewn altar of Beogh.
  6302 | D:5      | Entered Level 5 of the Dungeon
  6697 | Temple   | Entered the Ecumenical Temple
  6739 | D:5      | Reached skill level 9 in Spellcasting
  6921 | D:5      | Reached XP level 8. HP: 41/41 MP: 19/23
  7001 | D:5      | Found Tiraufo's Armour Emporium.
  7152 | D:5      | Shot with an arrow by a centaur

Illustrated notes

Levels and vault maps discovered:
D:1:      onia_arrival_pyramid, layout_basic
D:2:      layout_loops_ring, xom_butterflies, okawaru_metal_pillars_1_2
D:3:      layout_basic, lemuel_crystal_altar, first_ration,
          uniq_crazy_yiuf_cottage, uniq_grinder, uniq_natasha
D:4:      layout_basic, dancing_weapons_uskayaw,
          minmay_temple_entry_glassed_door, biasface_ghost_orc_armoury,
          nicolae_qazlal_style_of_elements, uniq_blork_the_orc, uniq_duvessa
D:5:      layout_loops_ring, nicolae_ru_awakened_eye, marbit_many_paths,
          serial_shops, nicolae_shop_crystal
Temple:   nicolae_temple_no_exploring_needed

Skill      XL: |  1  2  3  4  5  6  7 |
---------------+----------------------+-----
Spellcasting   | 5 6 7 9 |  9.2
Conjurations   | 2 3 4 |  4.3
Air Magic      | 1 |  1.2
Fire Magic     | 1 |  1.6
Stealth        | 3 |  3.3
Poison Magic   | 1 |  1.6
Dodging        | 3 |  3.8
Translocations | 2 3 |  3.5
Summonings     | |  1.1
Evocations     | |  0.6

Action                   |  1- 3 |  4- 6 |  7- 9 || total
-------------------------+-------+-------+-------++-------
Melee: Unarmed           |     1 |    24 |       ||    25
 Cast: Magic Dart        |   111 |   135 |   101 ||   347
       Blink             |       |    18 |     4 ||    22
       Conjure Flame     |       |     5 |     7 ||    12
       Mephitic Cloud    |       |     2 |     3 ||     5
Evoke: Wand              |       |     3 |       ||     3
  Use: Scroll            |     5 |     1 |       ||     6
       Potion            |       |     2 |       ||     2
  Eat: Chunk             |     3 |     8 |     4 ||    15
       Ration            |       |     1 |       ||     1
Armor: Robe              |     1 |    10 |     5 ||    16
       Skin              |       |    23 |       ||    23
Dodge: Dodged            |    18 |    43 |    22 ||    83
